AoeStats
← RoroAPC

Lombardia

508141769Analyzed
4v4 RM · 11d ago on Sep 21, 2026· 67m 32s· 8 players
Game mode
Random Map
Map size
Large (8 player)
Population
200
Speed
Normal
Resources
Standard
Victory
Conquest
Starting age
Dark Age
Ending age
Imperial Age
RankedLock teamsTeams togetherTeam positionsShared explorationLock speedFull tech treeHidden civsTurbo modeCheats
Victory
Defeat
🇦🇷 Vietnamese · Argentina
1286
+13
🇦🇷 Ethiopians · Argentina
1271
+14
🇵🇪 Poles · Peru
1266
+14
🇦🇷 Tupi · Argentina
1219
+16
🇺🇸 Cumans · United States
1237
-15
🇺🇸 Romans · United States
1227
-14
🇨🇱 Portuguese · Chile
1215
-14
🇨🇳 Mongols · China
1208
-14
SLAMFOX
3:13 Loom
9:53 Feudal Age
14:19 Scale Mail Armor
13:54 Man-at-Arms
15:38 Forging
22:58 Horse Collar
28:30 Castle Age
26:37 Double-Bit Axe
27:46 Gold Mining
29:31 Chain Mail Armor
29:51 Iron Casting
28:39 Long Swordsman
29:21 Squires
30:07 Heavy Plow
31:30 Wheelbarrow
35:47 Hand Cart
35:56 Bow Saw
36:22 Pikeman
43:56 Imperial Age
42:11 Gold Shaft Mining
45:38 Blast Furnace
44:01 Capped Ram
44:03 Legionary
45:04 Siege Ram
48:18 Halberdier
49:07 Stone Mining
SLAMCOW
5:20 Loom
11:25 Feudal Age
23:36 Castle Age
22:09 Gold Mining
23:27 Double-Bit Axe
24:58 Bow Saw
26:09 Wheelbarrow
29:26 Scale Barding Armor
30:02 Horse Collar
30:19 Stone Mining
35:24 Imperial Age
33:29 Bloodlines
34:31 Hand Cart
34:35 Heavy Plow
35:38 Chain Barding Armor
35:28 Forging
35:09 Fletching
35:27 Town Watch
36:45 Plate Barding Armor
35:34 Cavalier
40:23 Bodkin Arrow
41:06 Iron Casting
43:32 Blast Furnace
43:20 Scale Mail Armor
45:22 Paladin
48:47 Squires
48:33 Arson
48:08 Pikeman
49:04 Chain Mail Armor
52:43 Plate Mail Armor
52:09 Bodkin Arrow
52:32 Halberdier
54:13 Padded Archer Armor
RoroAPC
7:10 Loom
9:57 Feudal Age
10:48 Double-Bit Axe
18:50 Wheelbarrow
20:29 Fletching
23:16 Castle Age
23:02 Padded Archer Armor
23:22 Crossbowman
24:31 Bodkin Arrow
27:11 Gold Mining
27:12 Stone Mining
31:21 Stone Shaft Mining
30:32 Horse Collar
32:15 Town Watch
34:00 Hand Cart
38:33 Imperial Age
36:34 Bow Saw
36:30 Heavy Plow
36:45 Scale Mail Armor
39:49 Conscription
40:07 Chain Mail Armor
40:03 Forging
40:07 Bracer
40:25 Leather Archer Armor
39:32 Elite Skirmisher
43:18 Chemistry
42:38 Ballistics
43:19 Plate Mail Armor
43:25 Iron Casting
42:13 Pikeman
43:48 Ring Archer Armor
45:29 Halberdier
47:58 Blast Furnace
49:39 Thumb Ring
48:54 Arbalester
51:23 Elite Organ Gun
52:14 Capped Ram
53:57 Scale Barding Armor
57:55 Caravan
61:31 Chain Barding Armor
乌兰巴托
8:48 Loom
10:44 Feudal Age
15:18 Castle Age
14:19 Double-Bit Axe
22:31 Horse Collar
24:03 Wheelbarrow
23:47 Bow Saw
24:47 Heavy Plow
25:23 Gold Mining
26:55 Stone Mining
28:05 Fletching
33:24 Imperial Age
33:32 Gold Shaft Mining
33:13 Bodkin Arrow
34:13 Stone Shaft Mining
35:45 Bracer
35:45 Padded Archer Armor
36:10 Ballistics
36:51 Chemistry
37:09 Conscription
37:08 Leather Archer Armor
37:17 Hand Cart
37:21 Bloodlines
37:11 Husbandry
38:11 Nomads
38:57 Elite Mangudai
40:11 Thumb Ring
41:09 Parthian Tactics
42:39 Heavy Camel Rider
43:28 Scale Barding Armor
43:34 Forging
51:22 Chain Barding Armor
53:35 Elite Skirmisher
53:39 Light Cavalry
58:32 Iron Casting
58:27 Hussar
Charly_
6:58 Loom
9:52 Feudal Age
10:11 Champi Runner
11:05 Double-Bit Axe
11:15 Gold Mining
13:59 Horse Collar
15:22 Scale Mail Armor
16:06 Arson
22:37 Wheelbarrow
26:17 Castle Age
25:27 Forging
28:29 Chain Mail Armor
27:41 Champi Warrior
28:22 Squires
28:24 Fletching
28:46 Bow Saw
28:41 Heavy Plow
30:04 Iron Casting
37:05 Hand Cart
42:29 Imperial Age
40:37 Bodkin Arrow
40:54 Stone Mining
41:16 Town Watch
42:08 Gold Shaft Mining
41:52 Padded Archer Armor
42:21 Caravan
43:26 Bracer
44:28 Two-Man Saw
42:51 Elite Champi Warrior
44:35 Chemistry
45:11 Plate Mail Armor
44:57 Leather Archer Armor
45:41 Conscription
45:26 Treadmill Crane
45:30 Elite Blackwood Archer
48:04 Ring Archer Armor
47:49 Curare
49:59 Caciques
61:19 Ballistics
63:06 Hoardings
LAO9
8:34 Loom
10:26 Feudal Age
12:20 Horse Collar
12:26 Double-Bit Axe
16:25 Forging
17:13 Bloodlines
22:16 Castle Age
21:00 Gold Mining
21:50 Scale Barding Armor
24:14 Husbandry
24:49 Stone Mining
25:01 Heavy Plow
26:15 Fervor
28:13 Wheelbarrow
28:19 Chain Barding Armor
31:02 Iron Casting
36:01 Imperial Age
33:17 Town Watch
33:48 Hand Cart
33:48 Szlachta Privileges
37:06 Town Patrol
37:27 Fletching
37:37 Cavalier
39:54 Conscription
41:04 Bow Saw
41:25 Crop Rotation
41:31 Stone Shaft Mining
42:19 Blast Furnace
41:14 Bodkin Arrow
44:15 Lechitic Legacy
43:16 Light Cavalry
43:59 Bracer
44:51 Siege Engineers
44:56 Winged Hussar
48:58 Caravan
56:36 Chemistry
55:57 Ballistics
59:21 Man-at-Arms
59:47 Arson
60:03 Scale Mail Armor
60:04 Padded Archer Armor
59:55 Long Swordsman
61:56 Chain Mail Armor
juanjemer
10:40 Feudal Age
10:44 Man-at-Arms
16:26 Loom
20:09 Castle Age
18:15 Double-Bit Axe
18:11 Horse Collar
23:48 Bow Saw
26:47 Wheelbarrow
25:59 Town Watch
28:17 Hand Cart
29:02 Heavy Plow
32:27 Scale Barding Armor
33:56 Bloodlines
33:47 Husbandry
37:25 Imperial Age
34:57 Gold Mining
34:59 Stone Mining
36:22 Light Cavalry
37:27 Chain Barding Armor
37:18 Forging
38:40 Stone Shaft Mining
37:31 Elite Battle Elephant
38:47 Plate Barding Armor
39:57 Crop Rotation
39:52 Paper Money
39:37 Chatras
39:59 Paper Money
42:15 Iron Casting
44:38 Fletching
47:04 Bodkin Arrow
46:55 Treadmill Crane
47:20 Siege Engineers
48:17 Chemistry
47:27 Siege Engineers
48:46 Town Patrol
50:02 Two-Man Saw
49:36 Fortified Wall
51:37 Caravan
57:30 Ballistics
56:40 Crossbowman
57:26 Thumb Ring
57:32 Arbalester
60:18 Bracer
61:10 Hoardings
CHILL_
5:31 Loom
10:39 Feudal Age
16:13 Castle Age
23:13 Crossbowman
29:51 Fletching
34:24 Padded Archer Armor
35:28 Bodkin Arrow
40:47 Forging
42:15 Scale Mail Armor
50:24 Imperial Age
49:43 Iron Casting
50:37 Squires
51:16 Wheelbarrow
50:35 Halberdier
54:16 Blast Furnace
54:44 Chain Mail Armor
58:35 Bracer
60:48 Horse Collar
60:56 Double-Bit Axe
61:02 Gold Mining
66:14 Arbalester
67:48 Hand Cart
67:20 Town Watch
67:47 Bow Saw
67:58 Heavy Plow
Connection lost

Rejoining the realm…

Still unreachable

The connection could not be restored.

Session expired

The server has moved on; the page needs a fresh start.